Map: Frozen Temple

Players

Tomahawk

  • Race: Terran Terran
  • League: Master

Miszu - Winner!

  • Race: Terran Terran
  • League: Grandmaster

VOD

Have the link to the VOD?

Description

Time

  • Played on: May 20, 2016, 2:33 p.m.
  • Length: 10:00
Show
View Real Time Build Order
Export as new Build Order

Tomahawk Terran 

Build Orders: MMM Bio 

Get SALT Encoding   

  12  0:01  SCV  
  13  0:13  SCV  
  14  0:18  Supply Depot  
  14  0:25  SCV  
  15  0:40  SCV  
  15  0:41  Barracks  
  16  0:52  SCV  
  16  0:54  Refinery  
  17  1:05  SCV  
  18  1:17  SCV  
  19  1:30  Orbital Command  
  19  1:32  Marine  
  20  1:43  Command Center  
  20  1:50  Barracks Reactor  
  20  1:58  SCV  
  21  2:02  Supply Depot  
  21  2:13  SCV  
  22  2:15  Factory  
  22  2:25  SCV  
  22  2:26  Marine x2  
  22  2:28  Refinery  
  25  2:33  Bunker  
  25  2:37  SCV  
  24  2:44  Marine x2  
  26  2:53  SCV  
  27  3:02  Marine x2, Factory Tech Lab  
  29  3:07  SCV, Orbital Command  
  28  3:19  SCV  
  28  3:20  Marine  
  28  3:21  Marine  
  28  3:25  Cyclone  
  33  3:32  SCV  
  34  3:38  Marine x2, SCV  
  37  3:44  SCV  
  37  3:47  Starport  
  38  3:51  SCV  
  39  3:57  Supply Depot  
  39  3:58  SCV  
  40  4:06  Siege Tank  
  43  4:10  SCV  
  43  4:11  Marine  
  45  4:20  SCV  
  45  4:21  Marine  
  45  4:29  Marine, Medivac  
  45  4:30  SCV  
  49  4:32  Supply Depot  
  49  4:33  SCV  
  50  4:41  Engineering Bay  
  50  4:42  SCV  
  51  4:51  SCV  
  51  4:52  Barracks  
  52  4:54  SCV  
  53  5:03  SCV  
  53  5:06  SCV  
  55  5:07  Starport Reactor, Factory Tech Lab  
  55  5:11  Missile Turret  
  55  5:14  Supply Depot  
  55  5:19  SCV  
  55  5:21  SCV  
  55  5:32  SCV  
  55  5:33  SCV  
  55  5:35  Siege Tank  
  54  5:45  Marine x2  
  56  5:51  Marine  
  56  5:52  Stimpack  
  56  5:56  Barracks  
  57  5:57  SCV  
  57  5:59  SCV  
  57  6:01  Missile Turret  
  59  6:12  SCV x2  
  59  6:13  Starport Reactor, Siege Tank  
  64  6:24  SCV x2  
  64  6:28  Terran Infantry Weapons Level 1  
  64  6:29  Marine  
  64  6:30  Marine x2  
  67  6:38  Supply Depot, SCV x2  
  69  6:49  Supply Depot  
  69  6:50  Marine  
  70  6:58  Refinery  
  70  6:59  Refinery, Marine x2  
  70  7:00  Hellion, Medivac, SCV x2  
  78  7:04  Supply Depot  
  78  7:09  Marine  
  78  7:10  Marine x2, Medivac  
  70  7:21  Marine x2  
  65  7:25  Siege Tank  
  65  7:27  Marine  
  60  7:30  Marine x2  
  60  7:32  SCV  
  63  7:37  Command Center  
  63  7:38  Medivac  
  63  7:39  SCV  
  66  7:45  Marine  
  66  7:48  Supply Depot  
  66  7:49  Marine, Barracks  
  66  7:50  Marine  
  69  7:51  Barracks  
  69  7:52  Combat Shields  
  69  7:57  Marine  
  69  7:58  Marine  
  71  8:01  SCV x2  
  71  8:03  Marine  
  72  8:07  Marine  
  72  8:08  Viking, Siege Tank  
  72  8:12  Marine  
  77  8:13  SCV  
  77  8:15  Marine  
  77  8:16  Marine  
  74  8:21  Marine  
  74  8:25  Marine  
  74  8:29  Marine  
  74  8:33  Marine  
  74  8:34  Marine  
  74  8:36  SCV  
  69  8:43  Marine  
  66  8:50  Marine  
  65  9:04  Orbital Command  
  65  9:06  Barracks Reactor  
  65  9:07  Orbital Command  
  64  9:19  Marine x3  
  59  9:36  Marine  
  59  9:37  Marine  
Show
View Real Time Build Order
Export as new Build Order

Miszu Terran - Winner!

Build Orders: 1/1/1, MMM Bio, Banshee Rush 

Get SALT Encoding   

  12  0:00  SCV  
  13  0:12  SCV  
  14  0:17  Supply Depot  
  14  0:25  SCV  
  15  0:29  Refinery  
  15  0:39  SCV  
  16  0:46  Barracks  
  16  0:53  SCV  
  17  1:01  Refinery  
  17  1:05  SCV  
  18  1:18  SCV  
  19  1:32  Orbital Command  
  19  1:35  Factory  
  19  1:39  Reaper  
  20  1:48  Supply Depot  
  20  1:59  SCV  
  20  2:11  Reaper, SCV  
  22  2:20  Hellion  
  22  2:21  Starport  
  24  2:26  SCV  
  25  2:43  Reaper, SCV  
  27  2:44  Hellion  
  27  2:46  Supply Depot  
  29  2:55  SCV  
  29  3:17  Medivac  
  29  3:18  Barracks Tech Lab  
  29  3:19  Hellion  
  34  3:20  SCV  
  34  3:36  Command Center  
  34  3:41  SCV  
  34  3:48  Barracks Reactor  
  35  3:52  Factory Tech Lab  
  35  3:55  Supply Depot, SCV  
  36  3:59  Cloaking Field  
  36  4:01  Banshee  
  37  4:17  SCV  
  38  4:29  SCV  
  38  4:30  Marine x2, Barracks  
  41  4:31  Barracks  
  44  4:41  Supply Depot  
  44  4:42  SCV  
  44  4:43  Banshee  
  45  4:47  Siege Tank  
  48  4:56  SCV  
  48  4:58  Orbital Command  
  49  5:08  SCV  
  49  5:10  Marine x2  
  52  5:20  SCV  
  50  5:27  Barracks Tech Lab x2  
  49  5:31  SCV  
  49  5:32  SCV  
  49  5:33  Marine x2  
  49  5:34  Siege Tank  
  56  5:35  Starport Reactor  
  56  5:43  SCV  
  56  5:44  Refinery, SCV  
  56  5:45  Engineering Bay  
  56  5:47  Stimpack  
  53  5:54  Marine x4  
  53  5:55  SCV  
  58  6:03  Combat Shields  
  58  6:04  SCV  
  58  6:07  Supply Depot, SCV  
  57  6:12  Marine x3  
  57  6:13  Marine  
  58  6:19  Siege Tank  
  58  6:24  Medivac  
  58  6:25  Medivac  
  62  6:28  SCV x2  
  62  6:30  Marine x3  
  62  6:32  Marine  
  68  6:37  Terran Infantry Weapons Level 1  
  68  6:40  SCV x2  
  70  6:47  Marine  
  70  6:48  Supply Depot, Refinery, Marine  
  70  6:50  Supply Depot, Marine  
  70  6:51  Marine  
  70  6:52  SCV  
  75  7:05  Marine, SCV x2  
  78  7:10  Marine x3  
  74  7:17  SCV  
  73  7:29  Marine  
  72  7:30  Marine x3, Siege Tank  
  72  7:31  Medivac x2, SCV  
  72  7:32  SCV  
  84  7:40  Command Center  
  84  7:42  Supply Depot  
  84  7:44  SCV  
  85  7:45  Supply Depot  
  85  7:47  Marine x3  
  88  7:52  Barracks  
  88  7:56  Barracks, SCV x2  
  90  8:08  SCV  
  91  8:13  Marine x4  
  91  8:14  Medivac, Siege Tank  
  98  8:27  SCV x2  
  98  8:30  Marine  
  98  8:31  Marine  
  96  8:39  Marine x2, SCV x2  
  98  8:46  Siege Tank  
  101  8:51  SCV x2  
  103  8:56  Supply Depot x2  
  103  9:01  Marine x2  
  105  9:03  SCV  
  105  9:04  SCV  
  105  9:08  Marine  
  108  9:16  SCV  
  109  9:20  Marine  
  109  9:25  Marine  
  109  9:29  Marine  
  109  9:31  Marine  
  109  9:38  Marine  
Tags
 
Add a new tag
Caveats
  • Supply blocks, unpowered buildings, or Contaminate may cause inaccurate times.
  • Supply counts are checked every 10 seconds.